 Dungeon Crawl Stone Soup version 0.21-a0-1-gaf3b9a5 (webtiles) character file.

3157 Monsterracer the Carver (level 9, -3/69 HPs)
             Began as a Barachi Skald on May 20, 2017.
             Was an Elder of Okawaru.
             Killed from afar by a steam dragon (25 damage)
             ... with a ball of steam
             ... on level 8 of the Dungeon.
             The game lasted 00:26:08 (7953 turns).

Monsterracer the Carver (Barachi Skald)             Turns: 7953, Time: 00:26:09

Health: -3/69      AC: 10    Str: 14    XL:     9   Next: 93%
Magic:  6/13       EV: 14    Int: 20    God:    Okawaru [****..]
Gold:   114        SH:  0    Dex: 11    Spells: 1/14 levels left

rFire    . . .     SeeInvis .   G - +0 demon blade (flame)
rCold    . . .     Gourm    +   (no shield)
rNeg     . . .     Faith    .   A - +2 leather armour "Ilott" {Int+4}
rPois    .         Spirit   .   q - +0 helmet
rElec    .         Reflect  .   h - +0 cloak
rCorr    +         Harm     .   k - +0 pair of gloves
MR       .....                  r - +0 pair of boots
Stlth    +.........             j - amulet of the gourmand
Regen    0.3/turn               g - ring of resist corrosion
MPRegen  0.2/turn               t - ring of wizardry

@: singing, very slightly contaminated, slow
A: +LOS, swims, blink, mutation resistance 1, slowness 1, strong legs 1
a: Hop, Blink, Heroism, Renounce Religion


You were on level 8 of the Dungeon.
You worshipped Okawaru.
Okawaru was greatly pleased with you.
You were full.

You visited 1 branch of the dungeon, and saw 8 of its levels.

You collected 491 gold pieces.
You spent 377 gold pieces at shops.

Inventory:

Hand Weapons
 G - a +0 demon blade of flaming (weapon)
Missiles
 e - 5 steel tomahawks (quivered)
 s - a throwing net
 B - 8 tomahawks
Armour
 h - a +0 cloak (worn)
 k - a +0 pair of gloves (worn)
 m - a +1 scale mail of magic resistance
 q - a +0 helmet (worn)
 r - a +0 pair of boots (worn)
 A - the +2 leather armour "Ilott" (worn) {Int+4}
   (You found it on level 6 of the Dungeon)

   It affects your intelligence (+4).
Jewellery
 g - a ring of resist corrosion (left hand)
 i - an uncursed ring of protection from fire
 j - an amulet of the gourmand (around neck)
 p - an uncursed ring of protection from cold
 t - a ring of wizardry (right hand)
Wands
 b - a wand of paralysis (17/24)
Scrolls
 a - a scroll of magic mapping
 l - 6 scrolls of teleportation
 o - 2 scrolls of remove curse
 y - 2 scrolls of immolation
 C - 3 scrolls of fear
 E - a scroll of identify
Potions
 f - 4 potions of curing
 u - a potion of berserk rage
 z - a potion of agility
 D - a potion of mutation
Books
 x - a book of Callings

   Spells                             Type                      Level
   a - Summon Small Mammal            Summoning                    1
   b - Call Imp                       Summoning                    2
   c - Call Canine Familiar           Summoning                    3
   d - Summon Guardian Golem          Hexes/Summoning              3
   e - Summon Lightning Spire         Summoning/Air                4
   f - Summon Ice Beast               Ice/Summoning                4
Comestibles
 d - 6 bread rations
 n - 5 fruits
 w - 2 meat rations
 F - 4 royal jellies


   Skills:
 + Level 6.0 Fighting
 * Level 10.7 Long Blades
 + Level 6.3 Armour
 + Level 6.0 Dodging
 - Level 3.0 Spellcasting
 + Level 6.2 Charms
 - Level 1.0 Invocations


You had one spell level left.
You knew the following spells:

 Your Spells              Type           Power        Failure   Level  Hunger
a - Infusion              Chrm           ####         1%          1    None
b - Song of Slaying       Chrm           ####....     1%          2    ##.....
c - Shroud of Golubria    Chrm/Tloc      ###.......   3%          2    ##.....
d - Spectral Weapon       Hex/Chrm       ###.....     6%          3    ###....
e - Regeneration          Chrm/Necr      ###.......   6%          3    ###....
f - Call Imp              Summ           #.......     11%         2    ##.....


Dungeon Overview and Level Annotations

Branches:
Dungeon (8/15)             Temple (0/1) D:7
   Lair: D:8-11

Altars:
Fedhas
Gozag
Hepliaklqana
Makhleb
Nemelex Xobeh
Okawaru
Qazlal
Ru
Uskayaw
Wu Jian
Xom
Zin

Shops:
D:7 *


Innate Abilities, Weirdness & Mutations

Shadows flee at your approach. (+LOS)
You can swim through water.
You cover ground slowly.
You can hop short distances.
You can translocate small distances at will.
You are somewhat resistant to further mutation.


Message History

Things that are here:
a dagger; a robe; an orc corpse Unknown command.
You closely miss the orc. The orc barely misses you.
You slash the orc! You burn the orc.
You kill the orc!
Okawaru accepts your kill.
Your skin stops crawling.
Casting: Regeneration
Confirm with . or Enter, or press ? or * to list all spells.
You miscast Call Imp.
You are very lightly contaminated with residual magic.
The world appears momentarily distorted.
Unknown command.
Casting: Call Imp
Confirm with . or Enter, or press ? or * to list all spells.
A beastly little devil appears in a puff of frigid air.
The steam dragon breathes steam at you. The ball of steam hits you!
You die...

#.... #.... #.... .#
# #.... #.#.# #....
#.#.# #....
######.#.# #....
#..@)5...#
#....##..ยง)....##.#
###.......D.........
....?............####
######.......)...#
........#.###(##
.........#..##.#
.........##.##.#
..........# ..#.#


You could see a steam dragon and a friendly white imp.

Vanquished Creatures
  Joseph (D:8)
  2 yaks (D:7)
  A human (D:7)
  2 hogs (D:7)
  A hungry ghost (D:7)
  Duvessa (D:5)
  An orc warrior (D:6)
  2 sky beasts
  An ice beast (D:8)
  An ogre (D:5)
  A centaur (D:6)
  Blork the orc (D:4)
  Dowan (D:5)
  A water moccasin zombie (D:5)
  5 killer bees (D:7)
  2 howler monkeys (D:8)
  A crimson imp (D:8)
  2 bullfrog zombies
  An orc priest (D:8)
  3 orc wizards
  2 quasits
  A hound (D:4)
  2 iguanas
  6 worker ants
  2 hound zombies (D:7)
  A howler monkey zombie (D:6)
  A worker ant zombie (D:5)
  12 adders
  10 gnolls
  3 oozes
  2 adder zombies
  A worm (D:2)
  2 dart slugs (D:2)
  3 leopard geckos
  24 orcs
  4 ball pythons
  6 giant cockroaches
  7 goblins
  7 hobgoblins
  4 jackals (D:2)
  7 kobolds
  6 quokkas
  8 bats
  8 frilled lizards
  A quokka skeleton (D:4)
  6 rats
167 creatures vanquished.

Vanquished Creatures (others)
  A centaur (D:6)
1 creature vanquished.

Grand Total: 168 creatures vanquished

Notes
Turn   | Place    | Note
-------+----------+-------------------------------------------
     0 | D:1      | Monsterracer the Barachi Skald began the quest for the Orb.
     0 | D:1      | Reached XP level 1. HP: 17/17 MP: 3/3
   213 | D:1      | Reached skill level 3 in Long Blades
   230 | D:1      | Reached XP level 2. HP: 23/23 MP: 5/5
   793 | D:1      | Reached skill level 4 in Long Blades
  1240 | D:2      | Reached XP level 3. HP: 25/28 MP: 6/6
  1672 | D:2      | Learned a level 2 spell: Song of Slaying
  1675 | D:2      | Learned a level 2 spell: Shroud of Golubria
  1702 | D:2      | Found a stormy altar of Qazlal.
  1952 | D:2      | Reached skill level 5 in Long Blades
  1952 | D:2      | Reached XP level 4. HP: 34/34 MP: 7/7
  2024 | D:2      | Found a sacrificial altar of Ru.
  2185 | D:2      | Found an opulent altar of Gozag.
  2472 | D:3      | Reached skill level 6 in Long Blades
  2472 | D:3      | Reached XP level 5. HP: 20/39 MP: 8/8
  2605 | D:3      | Learned a level 3 spell: Regeneration
  2620 | D:3      | Gained mutation: You can translocate small distances at will. [potion of mutation]
  2620 | D:3      | Gained mutation: You are somewhat resistant to further mutation. [potion of mutation]
  2714 | D:3      | Found a blossoming altar of Fedhas.
  2828 | D:3      | Found an iron altar of Okawaru.
  2851 | D:3      | Became a worshipper of Warmaster Okawaru
  3216 | D:3      | Found a hazy altar of Hepliaklqana.
  3578 | D:3      | Noticed an angel
  3579 | D:3      | Found a glowing silver altar of Zin.
  3725 | D:4      | Noticed Blork the orc
  3738 | D:4      | Killed Blork the orc
  3738 | D:4      | Reached XP level 6. HP: 24/46 MP: 2/9
  3747 | D:4      | Reached skill level 1 in Invocations
  4029 | D:4      | Found a stormy altar of Qazlal.
  4119 | D:4      | Reached skill level 7 in Long Blades
  4933 | D:5      | Entered Level 5 of the Dungeon
  4942 | D:5      | Reached * piety under Okawaru
  4942 | D:5      | Reached XP level 7. HP: 39/52 MP: 4/10
  5092 | D:5      | Found an ornate altar of the Wu Jian Council.
  5571 | D:5      | Noticed Duvessa
  5572 | D:5      | Noticed Dowan
  5600 | D:5      | Killed Duvessa
  5600 | D:5      | Reached ** piety under Okawaru
  5600 | D:5      | Reached skill level 8 in Long Blades
  5606 | D:5      | Killed Dowan
  5606 | D:5      | Reached XP level 8. HP: 59/60 MP: 5/11
  5613 | D:5      | Learned a level 3 spell: Spectral Weapon
  6173 | D:6      | Got a jewelled leather armour
  6184 | D:6      | Identified the +2 leather armour "Ilott" {Int+4} (You found it on level 6 of the Dungeon)
  6215 | D:6      | Found a shimmering altar of Xom.
  6306 | D:6      | Found a sparkling altar of Nemelex Xobeh.
  6710 | D:7      | Found a burning altar of Makhleb.
  6710 | D:7      | Found a burning altar of Makhleb.
  6742 | D:7      | Found a staircase to the Ecumenical Temple.
  6840 | D:7      | Found a hide-covered altar of Uskayaw.
  6890 | D:7      | Reached skill level 9 in Long Blades
  6926 | D:7      | Reached skill level 5 in Charms
  6929 | D:7      | Reached skill level 5 in Armour
  6949 | D:7      | Reached skill level 5 in Dodging
  6949 | D:7      | Reached XP level 9. HP: 47/67 MP: 9/12
  7161 | D:7      | Found Ilioteem's Sacrilege Store.
  7402 | D:7      | Reached skill level 5 in Fighting
  7407 | D:7      | Reached *** piety under Okawaru
  7447 | D:7      | Reached skill level 10 in Long Blades
  7640 | D:7      | Bought a +0 demon blade of flaming for 377 gold pieces
  7666 | D:8      | Learned a level 2 spell: Call Imp
  7877 | D:8      | Noticed Joseph
  7877 | D:8      | Paralysed by Joseph for 2 turns
  7885 | D:8      | Killed Joseph
  7885 | D:8      | Reached **** piety under Okawaru
  7953 | D:8      | Killed from afar by a steam dragon

Vault maps used:
D:1:      lordsloth_arrival_two_stooges
D:2:      marbit_many_paths, lemuel_coloured_pillars_altar, first_bread,
          minmay_misc_feat_nine_boxes, nicolae_qazlal_general_emergency
D:3:      zin_angel, lemuel_round_altar, fedhas_altar_1,
          okawaru_ov_weapons_minmay
D:4:      lemuel_doored_altar, uniq_blork_the_orc
D:5:      nicolae_overflow_hidden_temple, uniq_duvessa
D:6:      xom_butterflies, nemelex_altar_shiori
D:7:      eat_drink_and_be_merry_uskayaw, bloody_makhleb,
          minmay_temple_entry_junction, grunt_livestock, nicolae_evil_shop
D:8:      overflow_temple_1_default, uniq_joseph, uniq_pikel, uniq_maurice

Skill      XL: |  1  2  3  4  5  6  7  8  9 |
---------------+----------------------------+-----
Long Blades    | 3 4 5 6 7 8 9 10 | 10.7
Armour         | 2 3 5 6 |  6.3
Invocations    | 1 |  1.0
Fighting       | 3 4 6 |  6.0
Dodging        | 3 4 5 6 |  6.0
Charms         | 4 5 6 |  6.2
Spellcasting   | 3 |  3.0

Action                   |  1- 3 |  4- 6 |  7- 9 || total
-------------------------+-------+-------+-------++-------
Melee: Falchion          |    76 |       |   258 ||   334
       Long sword        |    33 |   260 |    65 ||   358
       Demon blade       |       |       |    57 ||    57
 Cast: Infusion          |       |     6 |     3 ||     9
       Shroud of Golubri |       |     1 |     5 ||     6
       Song of Slaying   |       |     1 |     6 ||     7
       Spectral Weapon   |       |       |     1 ||     1
       Call Imp          |       |       |     4 ||     4
       Regeneration      |       |       |     1 ||     1
Invok: Heroism           |       |       |     3 ||     3
  Use: Potion            |     4 |     3 |     2 ||     9
       Scroll            |       |     8 |     3 ||    11
  Eat: Chunk             |     4 |    11 |    22 ||    37
       Meat ration       |       |       |     1 ||     1
Armor: Leather armour    |    12 |       |    56 ||    68
       Ring mail         |    21 |   149 |    69 ||   239
Dodge: Dodged            |    69 |   192 |   198 ||   459
       Rpst.: Falchion   |    15 |       |    51 ||    66
       Long sword        |     9 |    55 |     6 ||    70
       Demon blade       |       |       |     8 ||     8
